 Seeded DCSS version 0.30-a0-358-g0d69a1922f (webtiles) character file.

Game seed: 12371564671554323536 (custom seed)

339 purpskrrrp the Basher (level 6, -7/51 HPs)
             Began as a Minotaur Fighter on Nov 9, 2022.
             Mangled by an ogre
             ... wielding a +0 giant club
              (18 damage)
             ... on level 4 of the Dungeon.
             The game lasted 00:04:33 (3202 turns).

purpskrrrp the Basher (Minotaur Fighter)            Turns: 3202, Time: 00:04:34

Health: -7/51      AC:  8    Str: 23    XL:     6   Next: 29%
Magic:  5/5        EV:  6    Int:  5    God:
Gold:   129        SH:  4    Dex:  9    Spells: 5/5 levels left

rFire   . . .      SeeInvis .    a - +0 flail
rCold   . . .      Faith    .    c - +0 buckler
rNeg    . . .      Spirit   .    b - +0 scale mail
rPois   .          Reflect  .    (helmet restricted)
rElec   .          Harm     .    g - +0 cloak
rCorr   .          Rampage  .    (no gloves)
Will    .....                    (no boots)
Stlth   ..........               (no amulet)
HPRegen 0.28/turn                (no ring)
MPRegen 0.09/turn                (no ring)

@: constricted
A: horns 2, retaliatory headbutt
a: no special abilities


You were on level 4 of the Dungeon.
You visited 1 branch of the dungeon, and saw 4 of its levels.
You also visited: Sewer.

You collected 129 gold pieces.

Inventory:

Hand Weapons
 a - a +0 flail (weapon)
Missiles
 j - 10 poisoned darts
 k - 2 atropa-tipped darts
Armour
 b - a +0 scale mail (worn)
 c - a +0 buckler (worn)
 g - a +0 cloak (worn)
Jewellery
 l - an amulet of guardian spirit
Scrolls
 e - a scroll of vulnerability
 i - a scroll of teleportation
 q - a scroll of amnesia
Potions
 h - a potion of flight
 n - a potion of magic {unknown}
 o - a potion of curing
 p - a potion of mutation
 s - a potion of heal wounds


   Skills:
 - Level 3.6 Fighting
 + Level 8.1 Maces & Flails
 - Level 3.6 Armour
 - Level 3.6 Shields


You had 5 spell levels left.
You didn't know any spells.
Your spell library was empty.

Dungeon Overview and Level Annotations

Branches:
Dungeon (4/15)              Sewer (visited)
 Temple: D:4-7

Altars:
Sif Muna

Shops:
D:1 [*[


Innate Abilities, Weirdness & Mutations

You have a pair of horns on your head.
You reflexively headbutt those who attack you in melee.


Message History

You thump the ogre! You headbutt the ogre.
The ogre is heavily wounded.
The ogre hits you with a +0 giant club!
You closely miss the ogre. Your headbutt misses the ogre.
The ogre is heavily wounded.
A ball python comes into view.
You hit the ogre.
The ogre is severely wounded.
You block the ogre's attack. The ball python closely misses you.
The ball python barely misses you.
You barely miss the ogre. Your headbutt misses the ogre.
The ogre is severely wounded.
The ball python bites you. The ball python grabs you.
The ball python constricts you. The ogre hits you but does no damage.
You closely miss the ball python.
The ball python bites you but does no damage.
The ball python constricts you.
You barely miss the ball python. Your headbutt misses the ball python.
The ball python bites you but does no damage.
The ball python constricts you.
The ogre hits you with a +0 giant club!!
Ouch! That really hurt!
* * * LOW HITPOINT WARNING * * *
You are too injured to fight recklessly!
You are too injured to fight recklessly!
You are too injured to fight recklessly!
You are too injured to fight recklessly!
You are too injured to fight recklessly!
You are too injured to fight recklessly!
You are too injured to fight recklessly!
You are too injured to fight recklessly!
You are too injured to fight recklessly!
You are too injured to fight recklessly!
You escape the ball python's grasp.
The ball python barely misses you. The ball python grabs you.
The ball python constricts you.
* * * LOW HITPOINT WARNING * * *
The ball python's grasp on you weakens, but your attempt to escape fails.
The ball python barely misses you. The ball python constricts you.
The ogre hits you with a +0 giant club!!
You die...

# ## # #.##.
.......#####
#P...#.S...##
#...O@<..#
#.........#
#.......!....#
#P.#.........#
#..$.........#
##...$.......#
#.##.......##
#. .........


You could see an ogre and a ball python.

Vanquished Creatures
  A water moccasin (Sewer)
  Natasha (twice) (D:2)
  Robin (D:2)
  6 adders
  6 worms
  2 dart slugs
  5 orcs (D:3)
  A ball python (D:3)
  14 bats
  7 endoplasms
  2 giant cockroaches
  15 goblins
  10 hobgoblins
  4 jackals (D:1)
  5 kobolds (D:1)
  4 quokkas
  6 frilled lizards
  4 rats
95 creatures vanquished.

Notes
Turn   | Place    | Note
-------+----------+-------------------------------------------
     0 | D:1      | purpskrrrp the Minotaur Fighter began the quest for the
                  | Orb.
     0 | D:1      | Reached XP level 1. HP: 19/19 MP: 0/0
   119 | D:1      | Found Yroa's Assorted Antiques.
   150 | D:1      | Reached skill level 3 in Maces & Flails
   215 | D:1      | Reached XP level 2. HP: 26/26 MP: 1/1
   297 | D:1      | Found Zeky's Armour Boutique.
   484 | D:1      | Reached skill level 4 in Maces & Flails
   584 | D:1      | Found Niwes's Armour Boutique.
   669 | D:1      | Reached XP level 3. HP: 31/31 MP: 2/2
  1092 | D:2      | Noticed Robin
  1216 | D:2      | Killed Robin
  1217 | D:2      | Reached skill level 5 in Maces & Flails
  1223 | D:2      | Reached XP level 4. HP: 33/39 MP: 3/3
  1578 | D:2      | Noticed Natasha
  1586 | D:2      | Killed Natasha
  1969 | D:2      | Noticed Natasha
  1974 | D:2      | Killed Natasha
  1975 | D:2      | Reached skill level 6 in Maces & Flails
  2026 | D:3      | Reached XP level 5. HP: 45/45 MP: 4/4
  2143 | D:3      | Found a glowing drain.
  2192 | D:3      | Reached skill level 7 in Maces & Flails
  2213 | Sewer    | Entered a sewer
  2242 | Sewer    | Noticed a water moccasin
  2253 | Sewer    | Killed a water moccasin
  2254 | Sewer    | Reached XP level 6. HP: 51/51 MP: 5/5
  2558 | D:3      | Reached skill level 8 in Maces & Flails
  2844 | D:3      | Found a shimmering blue altar of Sif Muna.
  3202 | D:4      | Mangled by an ogre

Illustrated notes

Levels and vault maps discovered:
D:1:      dpeg_arrival_rhombi, layout_basic, serial_shops, shop_statue,
          nicolae_diamond_shop, shop, roderic_lattice_a
D:2:      layout_basic, uniq_natasha, uniq_robin
D:3:      layout_basic, nicolae_sif_muna_condensation,
          lightli_sewer_entry_pipes, minivault_24
D:4:      corexii_shack_village, layout_rooms

Skill      XL: |  1  2  3  4  5  6 |
---------------+-------------------+-----
Maces & Flails | 3 4 5 6 7 8 |  8.1
Fighting       | |  3.6
Armour         | |  3.6
Shields        | |  3.6

Action                   |  1- 3 |  4- 6 || total
-------------------------+-------+-------++-------
Melee: Flail             |    69 |   134 ||   203
       Headbutt          |     3 |    21 ||    24
  Use: Potion            |     1 |     1 ||     2
       Scroll            |       |    10 ||    10
Armor: Scale mail        |    34 |    56 ||    90
Dodge: Dodged            |    50 |    64 ||   114
Block: Buckler           |    16 |    24 ||    40

Table legend: (Time is in decaauts)
 A = Elapsed time spent in this place.
 B = Non-inter-level travel time spent in this place.
 C = Inter-level travel time spent in this place.
 D = Time resting spent in this place.
 E = Time spent auto-exploring this place.
 F = Levels seen in this place.
 G = Mean time per level.
                   A        B        C        D        E       F      G
               +--------+--------+--------+--------+--------+-----+--------+
         Total |   3296 |   3159 |    137 |    228 |   2344 |   5 |  659.2 |
       Dungeon |   3160 |   3023 |    137 |    228 |   2249 |   4 |  790.0 |
         Sewer |    135 |    135 |      0 |      0 |     94 |   1 |  135.0 |
               +--------+--------+--------+--------+--------+-----+--------+

Top non-repeatable levels by time:
     D:1: 1180 daAuts
     D:3: 1109 daAuts
     D:2: 861 daAuts
   Sewer: 135 daAuts
     D:4: 10 daAuts
